 Dungeon Crawl Stone Soup version 5.7-8-g3a8b389 (webtiles) character file.

1699 Geeful the Fighter (level 10, -8/114 HPs)
             Began as a Titan Fighter on May 17, 2019.
             Mangled by a wyvern skeleton (15 damage)
             ... on level 9 of the Dungeon.
             The game lasted 00:20:20 (7408 turns).

Geeful the Fighter (Titan Fighter)                  Turns: 7408, Time: 00:20:20

Health: -8/114     AC:  6 (0%)Str: 21   XL:     10   Next: 22%
Magic:  16/16      EV: 15    Int:  7    God:
Gold:   621        SH:  3    Dex: 19    Spells: 14/14 levels left

rFire    . . .     SeeInvis .   q - +0 giant club
rCold    . . .     Faith    .   (shield currently unavailable)
rNeg     . . .     Spirit   .   b - +0 robe
rPois    .         Reflect  +   (helmet restricted)
rElec    +                      n - +0 cloak
rCorr    .                      (gloves unavailable)
MR       +....                  (boots unavailable)
Stlth    +.........             j - +3 amulet of reflection
Regen    0.3/turn               h - +3 ring of protection
MPRegen  0.3/turn               i - +5 ring of strength

@: drained
A: unfitting armour, hooves 1, dopey, high mp 1, passive freeze, electricity
resistance, weak, no device heal 1
a: no special abilities


You were on level 9 of the Dungeon.
You were not hungry.

You visited 1 branch of the dungeon, and saw 9 of its levels.

You collected 621 gold pieces.

Inventory:

Hand Weapons
 a - a +0 flail
 k - a +1 whip of holy silver
 q - a +0 giant club (weapon)
Missiles
 e - 98 javelins (quivered)
 s - 3 tomahawks
Armour
 b - a +0 robe (worn)
 c - a +0 shield
 n - a +0 cloak (worn)
Jewellery
 h - a +3 ring of protection (left hand)
 i - a +5 ring of strength (right hand)
 j - a +3 amulet of reflection (around neck)
 o - a +3 ring of evasion
 u - a +5 ring of intelligence
Wands
 l - a wand of paralysis (6)
 p - a wand of slimification (5)
 w - a wand of iceblast (6)
Scrolls
 d - 4 scrolls of teleportation
 g - a scroll of enchant weapon
 m - 3 scrolls of fog
 r - a scroll of amnesia
 v - a scroll of enchant armour
Potions
 f - 4 potions of flight
 t - 2 potions of berserk rage


   Skills:
 + Level 11.5(10.6) Fighting
 + Level 11.0(10.1) Maces & Staves
 + Level 8.1(7.2) Dodging
 - Level 4.5(3.6) Shields


You had 14 spell levels left.
You didn't know any spells.
Your spell library contained the following spells:

 Spells                   Type           Power        Failure   Level  Hunger
 Fireball                 Fire           0 (200)      100%        5    N/A
 Bolt of Fire             Fire           0 (200)      100%        6    N/A
 Ring of Flames           Chrm/Fire      0 (200)      100%        7    N/A
 Ignite Poison            Fire/Tmut      0 (100)      80%         3    N/A
 Ignition                 Fire           0 (200)      100%        8    N/A

Dungeon Overview and Level Annotations

Branches:
Dungeon (9/15)


Innate Abilities, Weirdness & Mutations

You are too large for most types of armour.
You have an increased reservoir of magic. (+10% MP)
You are resistant to electric shocks. (rElec)
You have large cloven feet.
You are dopey. (Int -5)
A frigid envelope surrounds you and freezes all who hurt you.
You are weak. (Str -5)
Potions are less effective at restoring your health.


Message History

The wight0i� The wight is lightly damaged.
You hit the wight (4).
The wight is moderately damaged.
The wight closely misses you.
You hit the wight (5). You kick the wight, but do no damage.
The wight is severely damaged.
The wight completely misses you.
You bludgeon the wight (24)!!
You destroy the wight!
You hit the wyvern skeleton (6).
You kick the wyvern skeleton, but do no damage.
The wyvern skeleton is lightly damaged.
The wyvern skeleton bites you (4).
* * * LOW HITPOINT WARNING * * *
The wyvern skeleton resists.
The wyvern skeleton�y The wyvern skeleton is moderately damaged.
The wyvern skeleton bites you (15)!
You die...

### ..$ ..## #.z.
zO####... #
..#####......# ##
........# #.
#.....#.##### #. ###..
#.Z@..# ##. #. #####.#
#.. # #..####.# #.#
#......############.#
..#####......##...))..
###.##....####.#
##..........##.#
.................
###..............


You could see a wyvern skeleton.

Vanquished Creatures
  A two-headed ogre (D:9)
  A spiny frog (D:9)
  A troll (D:9)
  A water moccasin (D:3)
  3 orc warriors
  2 black bears
  A spiny frog skeleton (D:5)
  8 ogres
  An ice beast (D:7)
  A phantom (D:9)
  A blink frog zombie (D:8)
  2 centaurs
  A wyvern zombie (D:8)
  2 bullfrogs
  3 scorpions
  6 killer bees (D:9)
  4 wights (D:9)
  A crimson imp (D:6)
  A howler monkey (D:3)
  Crazy Yiuf (D:3)
  5 hounds
  4 orc priests
  4 orc wizards
  A jelly (D:5)
  A gnoll shaman (D:5)
  Natasha (twice) (D:3)
  7 worker ants
  A killer bee zombie (D:8)
  An iguana (D:6)
  A hound skeleton (D:6)
  11 adders
  7 gnolls
  2 shadow imps
  2 oozes
  6 dart slugs
  30 orcs
  8 quokkas
  7 giant cockroaches
  5 goblins
  5 hobgoblins
  4 jackals (D:6)
  6 bats
  6 frilled lizards
  A jackal skeleton (D:4)
  4 kobolds
  9 rats
182 creatures vanquished.

Notes
Turn   | Place    | Note
-------+----------+-------------------------------------------
     0 | D:1      | Geeful the Titan Fighter began the quest for the Orb.
     0 | D:1      | Reached XP level 1. HP: 24/24 MP: 4/4
   179 | D:1      | Reached XP level 2. HP: 15/32 MP: 6/6
  1044 | D:1      | Reached XP level 3. HP: 40/40 MP: 7/7
  1352 | D:2      | Found a snail-covered altar of Cheibriados.
  1539 | D:2      | Reached XP level 4. HP: 48/49 MP: 9/9
  1616 | D:2      | Found a shimmering altar of Xom.
  1633 | D:2      | Reached skill level 5 in Fighting
  1767 | D:2      | Found a stormy altar of Qazlal.
  2304 | D:2      | Gained mutation: A frigid envelope surrounds you and freezes all who hurt you. [mutagenic hatch]
  2349 | D:3      | Noticed Natasha
  2357 | D:3      | Killed Natasha
  2462 | D:3      | Reached XP level 5. HP: 57/57 MP: 11/11
  2470 | D:3      | Noticed Natasha
  2480 | D:3      | Killed Natasha
  2619 | D:3      | Reached XP level 6. HP: 63/67 MP: 12/12
  2718 | D:3      | Found a burning altar of Makhleb.
  2786 | D:3      | Found a faded altar of an unknown god.
  2826 | D:3      | Noticed a water moccasin
  2833 | D:3      | Killed a water moccasin
  2833 | D:3      | Reached skill level 5 in Maces & Staves
  2839 | D:3      | Found a bloodstained altar of Trog.
  2843 | D:3      | Reached XP level 7. HP: 73/76 MP: 14/14
  2857 | D:3      | Found a deep blue altar of Sif Muna.
  2872 | D:3      | Found a runed door.
  2956 | D:3      | Noticed Crazy Yiuf
  2962 | D:3      | Killed Crazy Yiuf
  3724 | D:4      | Gained mutation: You have large cloven feet. [mutagenic hatch]
  3724 | D:5      | Entered Level 5 of the Dungeon
  3747 | D:5      | Found a hide-covered altar of Uskayaw.
  4049 | D:5      | Found a corrupted altar of Lugonu.
  4049 | D:5      | Found a glowing silver altar of Zin.
  4049 | D:5      | Found a viscous altar of Jiyva.
  4132 | D:5      | Found a sparkling altar of Nemelex Xobeh.
  4135 | D:5      | Found a white marble altar of Elyvilon.
  4136 | D:5      | Found a shadowy altar of Dithmenos.
  4136 | D:5      | Found a glowing golden altar of the Shining One.
  4138 | D:5      | Found a basalt altar of Yredelemnul.
  4138 | D:5      | Found an ancient bone altar of Kikubaaqudgha.
  4138 | D:5      | Found an ornate altar of the Wu Jian Council.
  4140 | D:5      | Found a radiant altar of Vehumet.
  4303 | D:5      | Reached skill level 5 in Dodging
  4317 | D:5      | Reached XP level 8. HP: 81/88 MP: 15/15
  4867 | D:5      | Gained mutation: Potions are less effective at restoring your health. [mutagenic hatch]
  5082 | D:6      | Found an opulent altar of Gozag.
  5145 | D:6      | Found an iron altar of Okawaru.
  5393 | D:6      | Found a sacrificial altar of Ru.
  5736 | D:6      | Gained mutation: You are dopey. (Int -5) [mutagenic hatch]
  5775 | D:7      | Reached XP level 9. HP: 47/100 MP: 15/15
  6309 | D:7      | Gained mutation: You are weak. (Str -5) [mutagenic hatch]
  6509 | D:8      | Reached skill level 10 in Fighting
  7085 | D:9      | Noticed a troll
  7089 | D:9      | Killed a troll
  7089 | D:9      | Reached skill level 10 in Maces & Staves
  7366 | D:9      | Noticed a spiny frog
  7366 | D:9      | Noticed a two-headed ogre
  7376 | D:9      | Killed a spiny frog
  7381 | D:9      | Killed a two-headed ogre
  7381 | D:9      | Reached XP level 10. HP: 54/114 MP: 16/16
  7408 | D:9      | Mangled by a wyvern skeleton

Skill      XL: |  1  2  3  4  5  6  7  8  9 10 |
---------------+-------------------------------+-----
Maces & Staves | 3 4 5 6 8 10 11 | 11.0
Shields        | 3 4 |  4.5
Dodging        | 3 4 5 6 8 |  8.1
Fighting       | 5 6 7 9 11 | 11.5

Action                   |  1- 3 |  4- 6 |  7- 9 | 10-12 || total
-------------------------+-------+-------+-------+-------++-------
Melee: Flail             |    94 |   138 |    31 |       ||   263
       Giant club        |       |       |   189 |    23 ||   212
       Kick              |       |       |    76 |     6 ||    82
Throw: Javelin           |     5 |     4 |       |       ||     9
  Use: Potion            |     1 |       |       |       ||     1
 Stab: Sleeping          |     4 |     1 |     1 |       ||     6
Armor: Robe              |     7 |    24 |    36 |     3 ||    70
Dodge: Dodged            |    25 |    38 |   153 |    21 ||   237
Block: Shield            |    40 |    91 |    18 |       ||   149
       Reflection        |       |     1 |       |       ||     1
       Other             |       |       |    25 |     4 ||    29
